 Dungeon Crawl Stone Soup version 0.21.1-1-g345015f (webtiles) character file.

982 Kiryusha the Thaumaturge (level 7, -12/37 HPs)
             Began as a Deep Elf Ice Elementalist on Feb 15, 2018.
             Mangled by Pikel
             ... wielding a +2 whip of electrocution
              (18 damage)
             ... on level 6 of the Dungeon.
             The game lasted 00:35:11 (6388 turns).

Kiryusha the Thaumaturge (DEIE)                     Turns: 6388, Time: 00:35:12

Health: -12/37     AC:  3    Str:  5    XL:     7   Next: 96%
Magic:  16/24      EV: 13    Int: 22    God:
Gold:   224        SH:  0    Dex: 15    Spells: 15/29 levels left

rFire    . . .     SeeInvis .   E - +4 mace
rCold    . . .     Gourm    +   (no shield)
rNeg     . . .     Faith    .   v - +0 robe
rPois    .         Spirit   .   (no helmet)
rElec    .         Reflect  .   (no cloak)
rCorr    .         Harm     .   (no gloves)
MR       .....                  x - +0 pair of boots
Stlth    ++........             p - amulet of the gourmand
HPRegen  0.12/turn              (no ring)
MPRegen  0.19/turn              (no ring)

@: about to teleport
A: no striking features
a: no special abilities


You were on level 6 of the Dungeon.
You were very full.

You visited 1 branch of the dungeon, and saw 6 of its levels.

You collected 224 gold pieces.

Inventory:

Hand Weapons
 e - a +0 club
 f - a +0 dagger
 E - a +4 mace (weapon)
Armour
 a - a +0 robe
 d - a +0 leather armour
 k - a +0 robe
 s - a +3 ring mail
 u - a +0 pair of boots
 v - a +0 robe (worn)
 x - a +0 pair of boots (worn)
Jewellery
 h - an uncursed ring of positive energy {unknown}
 p - an amulet of the gourmand (around neck)
Scrolls
 i - a scroll of enchant weapon
 l - 3 scrolls of teleportation
 m - 2 scrolls of remove curse
 n - 4 scrolls of identify
 w - 2 scrolls of enchant armour
 y - a scroll of immolation
 B - a scroll of blinking
 C - a scroll of fog {unknown}
Potions
 g - 2 potions of lignification {unknown}
 o - a potion of resistance {unknown}
 q - a potion of haste {unknown}
 r - a potion of brilliance {unknown}
 t - a potion of degeneration {unknown}
 z - 2 potions of cancellation {unknown}
 A - a potion of might {unknown}
 D - a potion of mutation {unknown}
 F - a potion of agility {unknown}
 G - a potion of flight
Books
 b - a book of Frost

   Spells                             Type                      Level
   a - Freeze                         Ice                          1
   b - Throw Frost                    Conjuration/Ice              2
   c - Ozocubu's Armour               Charms/Ice                   3
   d - Throw Icicle                   Conjuration/Ice              4
   e - Summon Ice Beast               Ice/Summoning                4
Comestibles
 c - 8 rations
 H - 4 chunks of flesh


   Skills:
 - Level 0.5 Fighting
 - Level 2.5 Dodging
 - Level 2.4 Stealth
 + Level 11.8 Spellcasting
 - Level 1.3 Conjurations
 - Level 0.2 Charms
 - Level 3.5 Ice Magic


You had 15 spell levels left.
You knew the following spells:

 Your Spells              Type           Power        Failure   Level  Hunger
a - Freeze                Ice            ####         1%          1    None
b - Throw Frost           Conj/Ice       ###...       2%          2    None
c - Ozocubu's Armour      Chrm/Ice       ###.....     7%          3    None
d - Throw Icicle          Conj/Ice       ###.....     19%         4    None
e - Summon Ice Beast      Ice/Summ       ###.....     24%         4    None


Dungeon Overview and Level Annotations

Branches:
Dungeon (6/15)
 Temple: D:4-7

Altars:
Cheibriados
Elyvilon
Ru
Trog
Yredelemnul

Shops:
D:5 (*}

Annotations:
D:6 Pikel, Prince Ribbit


Message History

Aiming: Freeze
Press: ? - help, Shift-Dir - straight line, f/p - Menkaure
Aim: Menkaure (almost destroyed, fast)
You freeze Menkaure.
Menkaure resists.
You destroy Menkaure!
Pikel shouts!
Pikel waves his whip at you.
You feel better. The slave barely misses you.
Pikel says, "Wow, you'd add a bit of variety to my gang!"
The slave hits you.
Your magical contamination has completely faded away.
Your icy armour starts to melt.
An ogre comes into view. It is wielding a giant club.
Your icy armour evaporates.
As you read the scroll of teleportation, it crumbles to dust.
You feel strangely unstable.
Pikel hits you with a whip of electrocution!
* * * LOW HITPOINT WARNING * * *
You are electrocuted!
You die...

###### ...... ###### ## ## .#
############.## .# .##
#.....@K.p..#.#
.#####.....O##########.#
......### #.......# #.#
..≈.≈...# #.#####.# #p#
..≈⌠≈.#.. ..# #.###.#
...≈....####.# #..[..#
.............# #.##..#
...####.# #..#####.##..######
..#####.###........##.......#


You could see Pikel, an ogre (wandering) and a slave.

Vanquished Creatures
  Menkaure (D:6)
  2 slaves (D:6)
  A centaur (D:6)
  A bullfrog (D:6)
  A scorpion (D:3)
  A crimson imp (D:5)
  5 hounds
  A bullfrog skeleton (D:6)
  An iguana (D:4)
  2 worker ants
  4 gnolls
  11 adders
  A shadow imp (D:6)
  An adder skeleton (D:4)
  4 worms
  4 dart slugs
  4 leopard geckos
  18 orcs
  2 ball pythons
  3 giant cockroaches
  9 goblins
  9 hobgoblins
  4 quokkas
  7 bats
  2 frilled lizards
  9 kobolds
  12 rats
120 creatures vanquished.

Vanquished Creatures (collateral kills)
  Eustachio (D:5)
  An ogre (D:4)
  A slave (D:6)
  A centaur skeleton (D:4)
  Jessica (D:3)
  An iguana (D:5)
  A howler monkey skeleton (D:5)
  An adder (D:4)
  A shadow imp (D:5)
  An ooze (D:4)
  An orc (D:4)
11 creatures vanquished.

Grand Total: 131 creatures vanquished

Notes
Turn   | Place    | Note
-------+----------+-------------------------------------------
     0 | D:1      | Kiryusha the Deep Elf Ice Elementalist began the quest for the Orb.
     0 | D:1      | Reached XP level 1. HP: 10/10 MP: 6/6
   357 | D:1      | Reached XP level 2. HP: 15/15 MP: 3/8
   378 | D:1      | Learned a level 2 spell: Throw Frost
   458 | D:1      | Reached skill level 4 in Spellcasting
   858 | D:2      | Found a bloodstained altar of Trog.
   894 | D:2      | Reached XP level 3. HP: 9/19 MP: 4/11
  1191 | D:2      | Reached skill level 5 in Spellcasting
  1601 | D:2      | Learned a level 3 spell: Ozocubu's Armour
  1856 | D:2      | Reached XP level 4. HP: 24/24 MP: 5/13
  2229 | D:2      | Reached skill level 6 in Spellcasting
  2455 | D:3      | Noticed Jessica
  2462 | D:3      | Learned a level 4 spell: Throw Icicle
  2467 | D:3      | Learned a level 4 spell: Summon Ice Beast
  2577 | D:3      | Killed Jessica
  2577 | D:3      | Reached XP level 5. HP: 28/28 MP: 9/16
  2595 | D:3      | Reached skill level 7 in Spellcasting
  3317 | D:4      | Reached skill level 8 in Spellcasting
  3394 | D:4      | Reached XP level 6. HP: 32/33 MP: 14/19
  3667 | D:4      | Reached skill level 9 in Spellcasting
  3954 | D:4      | Found a basalt altar of Yredelemnul.
  4278 | D:5      | Entered Level 5 of the Dungeon
  4521 | D:5      | Noticed Eustachio
  4542 | D:5      | Killed Eustachio
  4542 | D:5      | Reached XP level 7. HP: 24/37 MP: 13/22
  4630 | D:5      | Found Ugaecodgh's Gadget Shoppe.
  4701 | D:5      | Reached skill level 10 in Spellcasting
  4804 | D:5      | Found Huaclux's Weapon Shoppe.
  4924 | D:5      | Found a snail-covered altar of Cheibriados.
  4924 | D:5      | Found a white marble altar of Elyvilon.
  5090 | D:5      | Found Hoaxky's General Store.
  5394 | D:6      | Reached skill level 11 in Spellcasting
  5614 | D:6      | Noticed Prince Ribbit
  5961 | D:6      | Noticed Pikel
  5968 | D:6      | Noticed Menkaure
  6168 | D:6      | Found a sacrificial altar of Ru.
  6347 | D:6      | Killed Menkaure
  6388 | D:6      | Mangled by Pikel

Skill      XL: |  1  2  3  4  5  6  7 |
---------------+----------------------+-----
Spellcasting   | 4 5 6 8 9 11 | 11.8
Fighting       | |  0.5
Dodging        | |  2.5
Stealth        | |  2.4
Conjurations   | |  1.3
Charms         | |  0.2
Ice Magic      | |  3.5

Action                   |  1- 3 |  4- 6 |  7- 9 || total
-------------------------+-------+-------+-------++-------
Melee: Dagger            |     3 |     4 |       ||     7
       Mace              |       |       |    13 ||    13
 Cast: Freeze            |    68 |    84 |    51 ||   203
       Throw Frost       |     9 |    26 |    19 ||    54
       Ozocubu's Armour  |       |    10 |     8 ||    18
       Summon Ice Beast  |       |     7 |     7 ||    14
  Use: Scroll            |       |     3 |     7 ||    10
       Potion            |       |       |     4 ||     4
  Eat: Chunk             |     3 |     7 |    15 ||    25
       Ration            |       |     1 |       ||     1
Armor: Robe              |     5 |    10 |    22 ||    37
Dodge: Dodged            |    24 |    37 |    38 ||    99
